 Dungeon Crawl Stone Soup version 0.31-a0-1540-g5a0b83f448 (webtiles) character file.

Game seed: 7958321243372994316

1409 Persephone the Ruffian (level 8, -6/43 HPs)
             Began as a Vine Stalker Fighter on Jan 1, 2024.
             Mangled by a lemure (7 damage)
             ... led by Pikel
             ... on level 6 of the Dungeon.
             The game lasted 00:05:57 (4119 turns).

Persephone the Ruffian (Vine Stalker Fighter)       Turns: 4119, Time: 00:05:57

Health: -6/43      AC: 11    Str: 20    XL:     8   Next: 70%
Magic:  0/9        EV:  9    Int:  8    God:
Gold:   283        SH:  5    Dex: 15    Spells: 7/7 levels left

rFire   . .          .
                       - Unarmed
rCold   . . .        b - +0 buckler
rNeg    . . .        a - +0 scale mail
rPois   +            (no helmet)
rElec   .            g - +0 cloak
rCorr   .            r - +0 pair of gloves
SInv    .            s - +1 pair of boots
Will    +....        n - amulet of the acrobat Stlth
                     l - ring of poison resistance
HPRegen 1.07/turn    (no ring)
MPRegen 0.11/turn

%: acrobat, guardian spirit
@: no status effects
A: fangs 3, regeneration 1, magic shield, antimagic bite, no potion heal 2
a: no special abilities


You were on level 6 of the Dungeon.
You visited 1 branch of the dungeon, and saw 6 of its levels.

You collected 283 gold pieces.

Inventory:

Armour
 a - a +0 scale mail (worn)
 b - a +0 buckler (worn)
 g - a +0 cloak (worn)
 r - a +0 pair of gloves (worn)
 s - a +1 pair of boots (worn)
Jewellery
 l - a ring of poison resistance (left hand)
 n - an amulet of the acrobat (around neck)
Wands
 f - a wand of charming (11)
Scrolls
 d - a scroll of amnesia
 k - 2 scrolls of teleportation
 m - 4 scrolls of identify
Potions
 c - a potion of might
 e - a potion of mutation {unknown}
 h - 3 potions of degeneration {unknown}
 i - a potion of ambrosia {unknown}
 j - 3 potions of haste {unknown}
 o - a potion of brilliance {unknown}
 q - a potion of curing {unknown}


   Skills:
 + Level 5.0 Fighting
 + Level 4.5 Armour
 + Level 5.0 Shields
 * Level 6.8 Unarmed Combat


You had 7 spell levels left.
You didn't know any spells.
Your spell library contained the following spells:

 Spells                   Type           Power      Damage    Failure   Level
 Apportation              Tloc           0%         N/A       82%         1
 Necrotise                Necr           0%         1d4       82%         1
 Sting                    Conj/Alch      0%         1d3       82%         1
 Summon Small Mammal      Summ           0%         N/A       82%         1
 Call Canine Familiar     Summ           0%         N/A       99%         3
 Sigil of Binding         Hex            0%         N/A       99%         3
 Vampiric Draining        Necr           0%         2d6       99%         3
 Dimensional Bullseye     Hex/Tloc       0%         N/A       100%        4
 Martyr's Knell           Necr/Summ      0%         N/A       100%        4
 Curse of Agony           Necr           0%         N/A       100%        5


Dungeon Overview and Level Annotations

Branches:
Dungeon (6/15)
 Temple: D:4-7

Altars:
Dithmenos

Shops:
D:2 (   D:4 !

Annotations:
D:6 Pikel


Innate Abilities, Weirdness & Mutations

You have razor-sharp teeth.
Your natural rate of healing is unusually fast.
When hurt, damage is shared between your health and your magic reserves.
Your bite disrupts and absorbs the magic of your enemies.
Potions cannot restore your health.


Message History

The lemure hits you!
Pikel hits you with a +1 whip of freezing.
Pikel freezes you.
You hit Pikel but do no damage. You bite Pikel, but do no damage.
Pikel is lightly wounded.
You block the lemure's attack. x2; The lemure hits you but does no damage.
Pikel zaps a wand.
You easily resist.
You barely miss Pikel. You bite Pikel. You drain his power.
You feel invigorated.
Pikel is moderately wounded.
The lemure hits you. The lemure barely misses you.
The lemure hits you but does no damage.
Pikel zaps a wand.
You easily resist.
You hit Pikel. Your bite misses Pikel.
Pikel is moderately wounded.
The lemure barely misses you.
The lemure hits you but does no damage. x2
Pikel zaps a wand.
You easily resist.
You hit Pikel. You bite Pikel, but do no damage.
Pikel is moderately wounded.
You closely miss Pikel.
Pikel is moderately wounded.
The lemure hits you. Pikel hits you but does no damage. The lemure hits you. x2
* * * LOW HITPOINT WARNING * * *
You hit Pikel but do no damage. Your bite misses Pikel.
Pikel is moderately wounded.
You block the lemure's attack.
Pikel hits you with a +1 whip of freezing!
* * * LOW HITPOINT WARNING * * *
Pikel freezes you.
* * * LOW HITPOINT WARNING * * *
The lemure hits you but does no damage. x2
You punch Pikel!
Pikel is heavily wounded.
The lemure hits you but does no damage. x2; The lemure closely misses you.
Pikel barely misses you.
You hit Pikel.
Pikel is severely wounded.
The lemure hits you.
* * * LOW HITPOINT WARNING * * *
The lemure hits you but does no damage. The lemure hits you!
You die...

# #.###.......#
#.#............
...............
#[#..........
..........# ..#
#<..# ....##..#
#.......#
.......5@#
..8..#.55K..#
#$$.##......#
#### #...##.#
#...# .# #...#
. ....# #
......


You could see Pikel and 3 lemures.

Vanquished Creatures
  Grinder (D:5)
  Sigmund (D:3)
  An ice beast (D:5)
  An ogre (D:4)
  A phantom (D:4)
  A lemure (D:6)
  A howler monkey (D:5)
  A gnoll bouda (D:4)
  3 jellies
  4 orc priests
  6 hounds
  3 iguanas
  2 orc wizards (D:4)
  3 adders
  8 gnolls (D:4)
  A white imp (D:4)
  2 ufetubi (D:5)
  7 dart slugs
  5 orcs
  12 ball pythons
  3 bats
  6 endoplasms
  4 giant cockroaches
  9 goblins
  6 hobgoblins
  13 jackals
  4 quokkas
  5 frilled lizards
  9 kobolds
  5 rats
128 creatures vanquished.

Notes
Turn   | Place    | Note
-------+----------+-------------------------------------------
     0 | D:1      | Persephone the Vine Stalker Fighter began the quest for the
                  | Orb.
     0 | D:1      | Reached XP level 1. HP: 11/11 MP: 2/2
    79 | D:1      | Reached XP level 2. HP: 14/16 MP: 1/3
   320 | D:1      | Reached XP level 3. HP: 19/19 MP: 4/4
   924 | D:2      | Found Oseyssas's Weapon Emporium.
   934 | D:2      | Reached skill level 3 in Unarmed Combat
  1090 | D:2      | Reached XP level 4. HP: 22/24 MP: 5/5
  1570 | D:3      | Noticed Sigmund
  1576 | D:3      | Killed Sigmund
  1577 | D:3      | Reached skill level 4 in Unarmed Combat
  1577 | D:3      | Reached XP level 5. HP: 28/28 MP: 6/6
  1577 | D:3      | Reached XP level 6. HP: 32/32 MP: 7/7
  1641 | D:3      | Found a faded altar of an unknown god.
  1655 | D:3      | Found a shadowy altar of Dithmenos.
  1975 | D:3      | Found the +3 giant club "Skullcrusher" {speed, Str+7}
  2654 | D:4      | Reached XP level 7. HP: 24/37 MP: 5/8
  2811 | D:4      | Reached skill level 5 in Unarmed Combat
  2827 | D:4      | Found Afot's Distillery.
  3378 | D:5      | Entered Level 5 of the Dungeon
  3409 | D:4      | Gained mutation: You have razor-sharp teeth. [Vine Stalker
                  | growth]
  3409 | D:4      | Reached XP level 8. HP: 18/42 MP: 7/9
  3471 | D:5      | Reached skill level 6 in Unarmed Combat
  3739 | D:5      | Noticed Grinder
  3746 | D:5      | Killed Grinder
  3784 | D:5      | Reached skill level 5 in Fighting
  3928 | D:5      | Reached skill level 5 in Shields
  4098 | D:6      | Noticed Pikel
  4117 | D:6      | HP: 1/43 [Pikel/+1 whip of freezing (3)]
  4119 | D:6      | Mangled by a lemure

Illustrated notes

Levels and vault maps discovered:
D:1:      tarquinn_simple_flora_water_e, layout_loops_ring,
          minmay_misc_feat_alley
D:2:      layout_loops_ring, serial_shops, nicolae_shop_bloodbath_and_beyond,
          minivault_19
D:3:      minmay_wonky_spiral, layout_loops_ring,
          nicolae_overflow_ecumenical_swirl, uniq_sigmund
D:4:      layout_rooms, serial_library, serial_library_hellmonk_secret_room,
          serial_library_regret_index_double_sided,
          serial_library_hellmonk_room_b, serial_library_hellmonk_small_corner,
          serial_library_regret_index_double_sided,
          serial_library_hellmonk_room_c, serial_library_hellmonk_room_c,
          serial_shops, shop, minmay_pentangle
D:5:      layout_basic, uniq_grinder
D:6:      layout_basic, temple_fountains, mrwooster_statue_mirror,
          kennysheep_generic_room_11, uniq_pikel

Skill      XL: |  1  2  3  4  5  6  7  8 |
---------------+-------------------------+-----
Shields        | 3 4 5 |  5.0
Fighting       | 3 4 5 |  5.0
Unarmed Combat | 3 4 5 6 |  6.8
Armour         | 3 4 |  4.5

Action                     |  1- 3 |  4- 6 |  7- 9 || total
---------------------------+-------+-------+-------++-------
  Melee: Unarmed           |   114 |   120 |   199 ||   433
         Bite              |    27 |    36 |    58 ||   121
    Use: Scroll            |       |     6 |     4 ||    10
         Potion            |       |     1 |     1 ||     2
 Armour: Scale mail        |    69 |    89 |   141 ||   299
  Dodge: Dodged            |    45 |    44 |    89 ||   178
  Block: Buckler           |    21 |    29 |    51 ||   101

Table legend: (Time is in decaauts)
 A = Elapsed time spent in this place.
 B = Non-inter-level travel time spent in this place.
 C = Inter-level travel time spent in this place.
 D = Time resting spent in this place.
 E = Time spent auto-exploring this place.
 F = Levels seen in this place.
 G = Mean time per level.
                   A        B        C        D        E       F      G
               +--------+--------+--------+--------+--------+-----+--------+
         Total |   4116 |   3851 |    265 |      0 |   3042 |   6 |  686.0 |
       Dungeon |   4116 |   3851 |    265 |      0 |   3042 |   6 |  686.0 |
               +--------+--------+--------+--------+--------+-----+--------+

Top non-repeatable levels by time:
     D:3: 975 daAuts
     D:4: 926 daAuts
     D:1: 844 daAuts
     D:5: 674 daAuts
     D:2: 672 daAuts
     D:6: 23 daAuts
